 Dungeon Crawl Stone Soup version 0.18.1-8-gdd0e5ea (webtiles) character file.

402 Scarto the Skirmisher (level 6, 0/49 HPs)
             Began as a Demonspawn Fighter on May 22, 2016.
             Slain by Menkaure (17 damage)
             ... on level 4 of the Dungeon.
             The game lasted 00:05:44 (3293 turns).

Scarto the Skirmisher (Demonspawn Fighter)          Turns: 3293, Time: 00:05:45

Health: 0/49       AC: 11    Str: 19    XL:     6   Next: 55%
Magic:  6/6        EV: 12    Int:  9    God:
Gold:   125        SH: 11    Dex: 17    Spells: 0 memorised, 5 levels left

rFire  . . .     SeeInvis .     a - +0 war axe
rCold  . . .     Gourm    .     b - +0 scale mail
rNeg   . . .     Faith    .     c - +1 shield
rPois  .         Spirit   .     (no helmet)
rElec  .         Dismiss  .     (no cloak)
rCorr  .         Reflect  .     (no gloves)
SustAt .         Harm     .     (no boots)
MR     ++...                    (no amulet)
Stlth  +.........               q - ring of protection from magic
                                l - ring of protection from magic

@: agile, very resistant to hostile enchantments, very unstealthy
A: iridescent scales 1, powered by pain 1
a: no special abilities


You were on level 4 of the Dungeon.
You were not hungry.

You visited 1 branch of the dungeon, and saw 4 of its levels.

You collected 125 gold pieces.

Inventory:

Hand Weapons
 a - a +0 war axe (weapon)
Missiles
 r - 4 javelins (quivered)
 t - 23 bolts
Armour
 b - a +0 scale mail (worn)
 c - a +1 shield (worn)
Jewellery
 l - a ring of protection from magic (left hand)
 q - a ring of protection from magic (right hand)
Wands
 m - a wand of flame (37/48)
Scrolls
 e - a scroll of fear
 h - 2 scrolls of enchant armour
 p - a scroll of identify
Potions
 d - a potion of might
 g - 2 potions of haste
 j - 3 potions of brilliance {unknown}
 k - a potion of degeneration {unknown}
 o - a potion of ambrosia {unknown}
 s - 2 potions of curing
 u - a potion of heal wounds {unknown}
Comestibles
 f - 2 bread rations
 n - 4 meat rations


   Skills:
 + Level 4.4 Fighting
 + Level 3.5 Axes
 + Level 4.1 Armour
 + Level 4.0 Shields


You had 5 spell levels left.
You didn't know any spells.

Dungeon Overview and Level Annotations

Branches:
Dungeon (4/15)
 Temple: D:4-7

Altars:
Okawaru

Annotations:
D:4 Menkaure


Innate Abilities, Weirdness & Mutations

You are partially covered in iridescent scales (AC +4).
You sometimes gain a little power by taking damage.


Message History

Menkaure calls on the powers of darkness!
Your body is wracked with pain!
Found a whip.
An adder comes into view.
Drink which item? (? for menu, Esc to quit)
You feel agile all of a sudden.
A giant newt comes into view.
The giant newt moves out of view.
An adder skeleton comes into view.
Menkaure hits you!!
* * * LOW HITPOINT WARNING * * *
Drink which item? (? for menu, Esc to quit)
You feel better. The adder skeleton barely misses you.
You closely miss Menkaure. You hit the adder skeleton.
You block the adder skeleton's attack. You block Menkaure's attack.
You hit Menkaure.
Menkaure is lightly damaged.
Your shield prevents you from hitting the adder skeleton.
You block the adder skeleton's attack. Menkaure hits you!
You die...

..............
....#........
...)........
...........
..........
.l..(....
#MZS.....
#@.......
#..###### ..
#.## ..##. #.#
..... #.# #...
#.#
....#####.#
#..##..)#
#....#######


You could see Menkaure, an adder, a giant newt and an adder skeleton.

Vanquished Creatures
  Sigmund (D:3)
  A hound (D:4)
  Ijyb (D:2)
  2 worker ants (D:4)
  Natasha (twice) (D:3)
  4 adders
  An ooze (D:1)
  A worm (D:3)
  A dart slug (D:2)
  5 giant cockroaches
  5 goblins
  6 hobgoblins
  4 jackals (D:2)
  3 kobolds
  A quokka (D:2)
  2 ball pythons
  6 bats
  4 giant newts
  13 rats
63 creatures vanquished.

Notes
Turn   | Place    | Note
--------------------------------------------------------------
     0 | D:1      | Scarto the Demonspawn Fighter began the quest for the Orb.
     0 | D:1      | Reached XP level 1. HP: 18/18 MP: 1/1
   134 | D:1      | Gained mutation: You are partially covered in iridescent scales (AC +4). [demonic ancestry]
   134 | D:1      | Reached XP level 2. HP: 24/24 MP: 2/2
   721 | D:1      | Reached XP level 3. HP: 29/29 MP: 3/3
  1230 | D:2      | Noticed Ijyb
  1257 | D:2      | Killed Ijyb
  1257 | D:2      | Reached XP level 4. HP: 29/35 MP: 4/4
  1777 | D:3      | Noticed Natasha
  1782 | D:3      | Killed Natasha
  1922 | D:3      | Found an iron altar of Okawaru.
  2221 | D:3      | Noticed Sigmund
  2229 | D:3      | Killed Sigmund
  2229 | D:3      | Reached XP level 5. HP: 38/42 MP: 5/5
  2229 | D:3      | Gained mutation: You sometimes gain a little power by taking damage. [demonic ancestry]
  2229 | D:3      | Reached XP level 6. HP: 43/48 MP: 6/6
  2555 | D:3      | Noticed Natasha
  2570 | D:3      | Killed Natasha
  3286 | D:4      | Noticed Menkaure
  3293 | D:4      | Slain by Menkaure

Skill      XL: |  1  2  3  4  5  6 |
---------------+-------------------+-----
Axes           | 2 3 |  3.5
Shields        | 3 4 |  4.0
Armour         | 3 4 |  4.1
Fighting       | 4 |  4.4

Action                   |  1- 3 |  4- 6 || total
-------------------------+-------+-------++-------
Melee: War axe           |   124 |   105 ||   229
  Use: Scroll            |       |    11 ||    11
       Potion            |       |     3 ||     3
  Eat: Bread ration      |     1 |     1 ||     2
Armor: Scale mail        |    62 |    67 ||   129
Dodge: Dodged            |    43 |    38 ||    81
Block: Shield            |    71 |    68 ||   139
